 Dungeon Crawl Stone Soup version 0.28-a0-1227-ga9037bb4c8 (webtiles) character file.

Game seed: 11275825132743489105

170 dr0g0th the Covert (level 5, -8/52 HPs)
             Began as an Octopode Brigand on Dec 22, 2021.
             Killed by divine providence
             ... invoked by an orc priest
              (16 damage)
             ... on level 4 of the Dungeon.
             The game lasted 00:05:30 (3734 turns).

dr0g0th the Covert (Octopode Brigand)               Turns: 3734, Time: 00:05:30

Health: -8/52      AC: 22    Str: 10    XL:     5   Next: 51%
Magic:  5/5        EV:  2    Int: 14    God:
Gold:   110        SH:  0    Dex: 15    Spells: 4/4 levels left

rFire   + + .      SeeInvis .   a - +2 dagger
rCold   x . .      Faith    .   (no shield)
rNeg    . . .      Spirit   .   (helmet currently unavailable)
rPois   +          Reflect  .   (no amulet)
rElec   .          Harm     .   h - +4 ring of evasion
rCorr   .          Rampage  .   j - ring of protection from fire
Will    .....      NoTele   +   e - ring "Tuput" {Fire rPois Stlth+}
Stlth   +++++.....              (no ring)
HPRegen 0.17/turn               (no ring)
MPRegen 0.09/turn               (no ring)
                                (no ring)
                                (no ring)

@: tree-form
A: stationary, stasis, torment immunity, boosted hp, almost no armour,
(amphibious), 8 rings, (camouflage 1), (gelatinous body 1), (nimble swimmer 1),
(tentacles)
a: no special abilities


You were on level 4 of the Dungeon.
You were a tree.
You visited 1 branch of the dungeon, and saw 4 of its levels.

You collected 110 gold pieces.

Inventory:

Hand Weapons
 a - a +2 dagger (weapon)
Missiles
 b - 20 poisoned darts (quivered)
 c - 2 curare-tipped darts
Jewellery
 e - the ring "Tuput" (on tentacle) {Fire rPois Stlth+}
   (You acquired it on level 2 of the Dungeon)

   [ring of fire]

   It enhances your fire magic.
   rF:        It protects you from fire.
   rC:        It makes you vulnerable to cold.
   rPois:     It protects you from poison.
   Stlth:     It makes you more stealthy.
 h - a +4 ring of evasion (left branch)
 j - a ring of protection from fire (right branch)
Wands
 g - a wand of flame (9)
Scrolls
 f - a scroll of noise
 l - a scroll of magic mapping {unknown}
 m - a scroll of torment {unknown}
Potions
 i - a potion of degeneration {unknown}


   Skills:
 + Level 2.4 Fighting
 + Level 3.1 Short Blades
 + Level 2.1 Throwing
 + Level 1.3 Dodging
 + Level 8.0 Stealth


You had 4 spell levels left.
You didn't know any spells.
Your spell library contained the following spells:

 Spells                   Type           Power      Damage    Failure   Level
 Dazzling Flash           Conj/Hex       0%         N/A       65%         3
 Iskenderun's Mystic Bla  Conj/Tloc      0%         2d3       96%         4
 Starburst                Conj/Fire      0%         6d3       100%        6


Dungeon Overview and Level Annotations

Branches:
Dungeon (4/15)
 Temple: D:4-7

Altars:
Qazlal
Trog


Innate Abilities, Weirdness & Mutations

You are a tree.
Your roots penetrate the ground, keeping you stationary.
You cannot be teleported.
You are immune to unholy pain and torment.
Your maximum health is greatly increased.
You cannot wear most types of armour.
((You are amphibious.))
You can wear up to eight rings at the same time.
((Your skin changes colour to match your surroundings (Stealth+).))
((Your rubbery body absorbs attacks. (AC +1, EV +1)))
((You are camouflaged when in or above water. (Stealth+)))
((You have tentacles for arms and can constrict up to eight enemies at once.))


Message History

An orc and an orc priest come into view.
The orc priest shouts!
The orc shouts!
You see here 9 bolts.
The orc priest shouts!
The orc shouts!
You hit the orc priest but do no damage.
Your grab misses the orc priest.
The orc priest miscasts a cantrip.
You hit the orc priest. Your grab misses the orc priest.
The orc priest is lightly wounded.
The orc throws a silver boomerang.
The silver boomerang completely misses you.
The orc priest hits you with a +0 club.
You hit the orc priest. Your grab misses the orc priest.
Your squeeze misses the orc priest.
The orc priest is moderately wounded.
The orc priest hits you with a +0 club.
You closely miss the orc priest. You grab the orc priest.
The orc priest is moderately wounded.
You constrict the orc priest.
The orc priest mumbles some strange prayers to Beogh against you.
Pain shoots through your body!
You hit the orc priest but do no damage.
The orc priest is heavily wounded.
You constrict the orc priest. The orc hits you with a +0 flail.
The orc priest hits you with a +0 club. The orc hits you with a +0 whip.
* * * LOW HITPOINT WARNING * * *
Unknown command.
Okay, then.
As you read the scroll of teleportation, it crumbles to dust.
You feel strangely unstable.
You constrict the orc priest, but do no damage.
The orc barely misses you. The orc priest barely misses you.
The orc hits you with a +0 whip.
* * * LOW HITPOINT WARNING * * *
It was a potion of lignification.
You turn into a tree.
Your roots penetrate the ground.
You feel strangely stable.
You lose your grip on the orc priest.
The orc priest calls down the wrath of Beogh upon you.
Beogh smites you!
You die...

#.#.#
#.#.#
#.#.#
#.#.#
#...#
#..## #.(#
#..#####..
#o♣o......
##o######.
#o# #o#
#.# #..
###


You could see 2 orc priests and 3 orcs.

Vanquished Creatures
  Robin (D:2)
  4 gnolls (D:3)
  6 adders
  2 worms
  2 dart slugs (D:3)
  3 ball pythons
  5 endoplasms
  A giant cockroach (D:2)
  10 goblins
  8 hobgoblins
  6 bats
  2 frilled lizards (D:2)
  6 kobolds
  5 rats
61 creatures vanquished.

Notes
Turn   | Place    | Note
-------+----------+-------------------------------------------
     0 | D:1      | dr0g0th the Octopode Brigand began the quest for the Orb.
     0 | D:1      | Reached XP level 1. HP: 14/14 MP: 1/1
   480 | D:1      | Noticed a floating eye
   481 | D:1      | Found a faded altar of an unknown god.
   491 | D:1      | Noticed a great orb of eyes
   491 | D:1      | Noticed a great orb of eyes
   491 | D:1      | Noticed an eye of devastation
   509 | D:1      | Reached XP level 2. HP: 16/19 MP: 2/2
   776 | D:2      | Noticed Robin
   794 | D:3      | Reached skill level 6 in Stealth
   888 | D:3      | Reached XP level 3. HP: 20/24 MP: 3/3
   940 | D:3      | Found a stormy altar of Qazlal.
  1279 | D:3      | Found a bloodstained altar of Trog.
  1470 | D:3      | Reached skill level 7 in Stealth
  1470 | D:3      | Reached XP level 4. HP: 29/29 MP: 4/4
  2338 | D:2      | Killed Robin
  2339 | D:2      | Reached XP level 5. HP: 18/35 MP: 5/5
  3162 | D:2      | Identified a scroll of acquirement
  3162 | D:2      | Acquired the ring "Tuput" {Fire rPois Stlth+}
  3679 | D:4      | Reached skill level 8 in Stealth
  3734 | D:4      | Killed from afar by an orc priest

Illustrated notes

Levels and vault maps discovered:
D:1:      lightli_arrival_maybe_door_vault, layout_basic, serial_curves,
          eino_curves_02, eino_curves_02, hellmonk_ecumenical_altar_watching_god
D:2:      layout_basic, uniq_robin
D:3:      layout_loops_cross, mainiacjoe_overflow_paths,
          nicolae_qazlal_general_emergency, serial_park_tiny_1
D:4:      layout_loops_ring, minmay_temple_entry_crystal_x

Skill      XL: |  1  2  3  4  5 |
---------------+----------------+-----
Stealth        | 6 7 8 |  8.0
Short Blades   | 3 |  3.1
Fighting       | |  2.4
Throwing       | |  2.1
Dodging        | |  1.3

Action                   |  1- 3 |  4- 6 || total
-------------------------+-------+-------++-------
Melee: Dagger            |    52 |    73 ||   125
       Constrict         |    11 |    18 ||    29
       Tentacles         |     7 |     9 ||    16
  Use: Scroll            |     3 |     4 ||     7
       Potion            |     1 |     1 ||     2
 Stab: Sleeping          |    12 |     9 ||    21
Armor: Skin              |     3 |     2 ||     5
Dodge: Dodged            |    23 |    38 ||    61

Table legend: (Time is in decaauts)
 A = Elapsed time spent in this place.
 B = Non-inter-level travel time spent in this place.
 C = Inter-level travel time spent in this place.
 D = Time resting spent in this place.
 E = Time spent auto-exploring this place.
 F = Levels seen in this place.
 G = Mean time per level.
                   A        B        C        D        E       F      G
               +--------+--------+--------+--------+--------+-----+--------+
         Total |   3724 |   3619 |    105 |    863 |   2309 |   4 |  931.0 |
       Dungeon |   3724 |   3619 |    105 |    863 |   2309 |   4 |  931.0 |
               +--------+--------+--------+--------+--------+-----+--------+

Top non-repeatable levels by time:
     D:3: 1500 daAuts
     D:2: 1166 daAuts
     D:1: 756 daAuts
     D:4: 301 daAuts
